[ AOE2 MATCH · #504615271 ]
UnrankedBurgundians vs Spanish
Player's team · LOSS
Rival team · WIN
[ REPLAY ANALYSIS · EXTRACTED FROM THE RECORDED GAME ]
Feudal
9:45
Castle
23:47
Imperial
39:15
| APM avg | 41.1 |
| APM peak | 82 |
| eAPM avg | 27.0 |
| Villagers / military | 216 / 408 |
Focus
⚔️ 31.3% · 🌾 68.7%
Spearman ×131 · Scout Cavalry ×90 · Skirmisher ×84 · Coustillier ×27 · Knight ×17 · Bombard Cannon ×14
Feudal
12:40
Castle
17:33
Imperial
38:26
| APM avg | 39.6 |
| APM peak | 82 |
| eAPM avg | 19.4 |
| Villagers / military | 164 / 182 |
Focus
⚔️ 39.3% · 🌾 60.7%
Knight ×99 · Missionary ×25 · Hand Cannoneer ×25 · Conquistador ×14 · Trebuchet (Packed) ×11 · Monk ×4
Match map
Initial resources + every placement click. Lines = walls · curves = elevation contours. ◆ gold · ⬟ stone · ● berries · ✦ relic · ◌ wall gap
Your base· Open — opponent sealed themselves in
Ghost's base· ✓ Closed at 17:33 · 60t walls · no gate
Smoothed initial terrain · ◌ = detected wall gap · hover for details
Inputs per minute
— Scol1ng - - Ghost
Build order — Scol1ng
First 150 of 720 actions detected
| 0:01 | Queue | Villager (Male) |
| 0:01 | Queue | Villager (Male) |
| 0:02 | Build | House |
| 0:05 | Build | House |
| 0:19 | Queue | Villager (Male) |
| 0:24 | Queue | Villager (Male) |
| 1:15 | Queue | Villager (Male) |
| 1:41 | Queue | Villager (Male) |
| 1:47 | Build | Lumber Camp |
| 2:20 | Queue | Villager (Male) |
| 2:44 | Research | Loom |
| 2:48 | Queue | Villager (Male) |
| 3:04 | Queue | Villager (Male) |
| 3:28 | Build | House |
| 3:33 | Queue | Villager (Male) |
| 3:54 | Queue | Villager (Male) |
| 4:08 | Build | Mill |
| 4:12 | Queue | Villager (Male) |
| 4:30 | Queue | Villager (Male) |
| 5:06 | Queue | Villager (Male) |
| 5:14 | Queue | Villager (Male) |
| 5:35 | Queue | Villager (Male) |
| 5:59 | Build | House |
| 6:00 | Build | House |
| 6:38 | Queue | Villager (Male) |
| 6:48 | Research | Loom |
| 6:56 | Build | Barracks |
| 7:35 | Research | Feudal Age |
| 8:02 | Research | Double-Bit Axe |
| 8:16 | Queue | Militia |
| 8:17 | Queue | Militia |
| 8:54 | Build | Mining Camp |
| 9:38 | Queue | Villager (Male) |
| 9:45 | Age | Feudal Age |
| 9:56 | Queue | Villager (Male) |
| 10:16 | Queue | Villager (Male) |
| 10:24 | Queue | Flemish Militia |
| 10:32 | Build | Archery Range |
| 10:33 | Queue | Villager (Male) |
| 10:45 | Queue | Flemish Militia |
| 10:50 | Queue | Villager (Male) |
| 10:55 | Build | House |
| 11:21 | Queue | Villager (Male) |
| 11:24 | Build | Blacksmith |
| 11:29 | Queue | Archer |
| 11:29 | Queue | Archer |
| 11:37 | Research | Arson |
| 11:37 | Research | Arson |
| 11:42 | Build | House |
| 11:44 | Build | Mill |
| 12:05 | Research | Fletching |
| 12:22 | Queue | Villager (Male) |
| 12:58 | Build | Farm |
| 13:00 | Queue | Archer |
| 13:01 | Queue | Archer |
| 13:17 | Queue | Villager (Male) |
| 13:44 | Queue | Villager (Male) |
| 13:46 | Build | Farm |
| 13:55 | Queue | Flemish Militia |
| 14:02 | Queue | Villager (Male) |
| 14:05 | Build | House |
| 14:06 | Queue | Archer |
| 14:28 | Queue | Villager (Male) |
| 14:32 | Build | Farm |
| 14:32 | Queue | Villager (Male) |
| 14:47 | Build | Farm |
| 14:47 | Queue | Villager (Male) |
| 14:50 | Queue | Archer |
| 14:58 | Build | Farm |
| 15:01 | Research | Gold Mining |
| 15:02 | Build | Farm |
| 15:03 | Queue | Villager (Male) |
| 15:33 | Build | House |
| 15:34 | Build | House |
| 15:37 | Build | Mining Camp |
| 15:53 | Queue | Flemish Militia |
| 15:53 | Queue | Flemish Militia |
| 15:59 | Queue | Villager (Male) |
| 16:01 | Research | Bow Saw |
| 16:05 | Queue | Villager (Male) |
| 16:25 | Queue | Villager (Male) |
| 16:53 | Research | Forging |
| 16:53 | Research | Scale Mail Armor |
| 17:00 | Build | Archery Range |
| 17:04 | Build | Farm |
| 17:20 | Queue | Villager (Male) |
| 17:24 | Research | Horse Collar |
| 17:34 | Build | Farm |
| 18:16 | Build | Farm |
| 18:16 | Build | Farm |
| 18:17 | Build | Farm |
| 18:17 | Build | Farm |
| 18:17 | Build | Farm |
| 18:17 | Build | Farm |
| 18:18 | Build | Farm |
| 18:18 | Build | Farm |
| 18:19 | Queue | Villager (Male) |
| 18:40 | Queue | Villager (Male) |
| 18:43 | Queue | Archer |
| 18:43 | Queue | Archer |
| 18:45 | Queue | Archer |
| 19:08 | Build | Watch Tower |
| 19:15 | Build | Farm |
| 19:21 | Build | Watch Tower |
| 19:25 | Build | Watch Tower |
| 19:32 | Queue | Villager (Male) |
| 19:38 | Build | Market |
| 20:03 | Build | Farm |
| 20:17 | Queue | Villager (Male) |
| 20:38 | Build | House |
| 20:38 | Build | House |
| 20:41 | Queue | Villager (Male) |
| 20:54 | Build | Farm |
| 20:58 | Research | Castle Age |
| 21:02 | Queue | Skirmisher |
| 21:18 | Build | House |
| 21:18 | Build | House |
| 21:20 | Build | House |
| 21:24 | Queue | Skirmisher |
| 21:24 | Queue | Skirmisher |
| 21:33 | Build | Lumber Camp |
| 21:54 | Build | House |
| 21:55 | Build | House |
| 22:06 | Research | Padded Archer Armor |
| 22:11 | Build | House |
| 22:13 | Build | House |
| 22:45 | Queue | Villager (Male) |
| 22:48 | Queue | Skirmisher |
| 22:48 | Queue | Skirmisher |
| 23:15 | Build | Farm |
| 23:44 | Queue | Villager (Male) |
| 23:47 | Age | Castle Age |
| 23:49 | Research | Elite Skirmisher (upgrade) |
| 23:51 | Research | Bodkin Arrow |
| 24:04 | Research | Heavy Plow |
| 24:07 | Queue | Villager (Male) |
| 24:15 | Build | Town Center |
| 24:17 | Queue | Villager (Male) |
| 24:21 | Queue | Villager (Male) |
| 24:28 | Queue | Villager (Male) |
| 24:32 | Queue | Skirmisher |
| 24:32 | Queue | Skirmisher |
| 24:41 | Queue | Villager (Male) |
| 25:04 | Queue | Villager (Male) |
| 25:09 | Build | Monastery |
| 25:13 | Queue | Villager (Male) |
| 25:13 | Research | Town Watch |
| 25:22 | Queue | Villager (Male) |
| 25:28 | Build | Farm |
| 25:47 | Build | Stable |
Build order — Ghost
First 150 of 560 actions detected
| 0:01 | Queue | Villager (Male) |
| 0:01 | Queue | Villager (Male) |
| 0:01 | Queue | Villager (Male) |
| 0:02 | Build | House |
| 0:03 | Build | House |
| 0:12 | Queue | Villager (Male) |
| 1:32 | Queue | Villager (Male) |
| 2:00 | Queue | Villager (Male) |
| 2:16 | Queue | Villager (Male) |
| 2:18 | Build | Lumber Camp |
| 2:56 | Queue | Villager (Male) |
| 2:59 | Queue | Villager (Male) |
| 3:21 | Queue | Villager (Male) |
| 3:23 | Queue | Villager (Male) |
| 3:42 | Queue | Villager (Male) |
| 3:51 | Build | House |
| 3:52 | Build | House |
| 4:12 | Queue | Villager (Male) |
| 4:29 | Build | Palisade Gate |
| 4:35 | Queue | Villager (Male) |
| 4:54 | Build | Palisade Wall |
| 4:56 | Build | Palisade Wall |
| 4:59 | Queue | Villager (Male) |
| 5:17 | Build | Mill |
| 5:31 | Queue | Villager (Male) |
| 5:53 | Queue | Villager (Male) |
| 6:10 | Queue | Villager (Male) |
| 6:15 | Build | Palisade Wall |
| 6:25 | Build | Palisade Wall |
| 6:42 | Queue | Villager (Male) |
| 7:19 | Research | Loom |
| 7:24 | Build | Palisade Wall |
| 7:31 | Queue | Villager (Male) |
| 7:50 | Build | Palisade Wall |
| 8:06 | Build | Palisade Wall |
| 8:50 | Queue | Villager (Male) |
| 9:05 | Queue | Villager (Male) |
| 9:12 | Build | Palisade Wall |
| 9:15 | Queue | Villager (Male) |
| 9:21 | Build | Palisade Wall |
| 9:22 | Build | Palisade Wall |
| 9:31 | Build | Mining Camp |
| 9:39 | Build | Palisade Wall |
| 9:58 | Queue | Villager (Male) |
| 9:58 | Research | Feudal Age |
| 11:05 | Build | House |
| 11:29 | Build | Mill |
| 11:37 | Build | Palisade Wall |
| 11:48 | Build | Mining Camp |
| 12:04 | Queue | Villager (Male) |
| 12:40 | Age | Feudal Age |
| 12:48 | Build | Blacksmith |
| 13:03 | Build | Market |
| 13:06 | Queue | Villager (Male) |
| 13:27 | Queue | Villager (Male) |
| 13:31 | Build | Watch Tower |
| 13:49 | Build | Market |
| 13:59 | Build | House |
| 14:02 | Build | Stone Wall |
| 14:21 | Build | House |
| 14:53 | Research | Castle Age |
| 15:18 | Build | Farm |
| 15:21 | Build | Farm |
| 16:21 | Build | House |
| 17:25 | Build | Palisade Wall |
| 17:28 | Queue | Villager (Male) |
| 17:33 | Age | Castle Age |
| 17:42 | Build | House |
| 17:45 | Build | House |
| 17:57 | Build | House |
| 18:15 | Build | Farm |
| 19:27 | Build | Farm |
| 19:36 | Build | Castle |
| 19:37 | Queue | Villager (Male) |
| 19:42 | Build | Farm |
| 19:46 | Queue | Villager (Male) |
| 20:40 | Build | Farm |
| 20:47 | Build | Farm |
| 20:51 | Build | Market |
| 20:58 | Queue | Villager (Male) |
| 21:09 | Queue | Conquistador |
| 21:30 | Queue | Conquistador |
| 21:34 | Queue | Conquistador |
| 21:36 | Queue | Villager (Male) |
| 21:47 | Research | Padded Archer Armor |
| 21:53 | Queue | Villager (Male) |
| 22:05 | Queue | Conquistador |
| 22:15 | Queue | Villager (Male) |
| 22:32 | Queue | Conquistador |
| 22:46 | Queue | Villager (Male) |
| 22:57 | Queue | Villager (Male) |
| 23:09 | Queue | Villager (Male) |
| 23:12 | Build | Farm |
| 23:16 | Build | Farm |
| 23:16 | Build | Farm |
| 23:17 | Build | Farm |
| 23:44 | Build | Siege Workshop |
| 23:51 | Queue | Villager (Male) |
| 24:04 | Queue | Villager (Male) |
| 24:05 | Queue | Conquistador |
| 24:05 | Queue | Conquistador |
| 24:13 | Build | Monastery |
| 24:29 | Queue | Villager (Male) |
| 24:29 | Queue | Villager (Male) |
| 24:42 | Build | Mining Camp |
| 24:49 | Queue | Monk |
| 25:22 | Queue | Mangonel |
| 25:24 | Queue | Villager (Male) |
| 25:27 | Build | Farm |
| 25:33 | Queue | Villager (Male) |
| 26:16 | Build | House |
| 26:39 | Queue | Missionary |
| 26:40 | Queue | Villager (Male) |
| 26:40 | Queue | Villager (Male) |
| 26:53 | Queue | Mangonel |
| 26:56 | Build | Outpost |
| 27:08 | Queue | Villager (Male) |
| 27:30 | Queue | Villager (Male) |
| 27:33 | Research | Double-Bit Axe |
| 28:07 | Build | House |
| 28:10 | Queue | Villager (Male) |
| 29:00 | Queue | Conquistador |
| 29:01 | Queue | Conquistador |
| 29:01 | Queue | Conquistador |
| 29:17 | Queue | Villager (Male) |
| 29:18 | Queue | Missionary |
| 29:25 | Build | Outpost |
| 29:26 | Queue | Villager (Male) |
| 29:36 | Build | Castle |
| 30:09 | Queue | Missionary |
| 30:10 | Queue | Monk |
| 30:16 | Queue | Villager (Male) |
| 30:16 | Queue | Villager (Male) |
| 30:21 | Queue | Villager (Male) |
| 30:21 | Queue | Villager (Male) |
| 30:37 | Build | Mining Camp |
| 30:43 | Queue | Mangonel |
| 31:10 | Queue | Villager (Male) |
| 31:10 | Queue | Villager (Male) |
| 31:46 | Queue | Villager (Male) |
| 31:50 | Queue | Villager (Male) |
| 32:00 | Queue | Villager (Male) |
| 32:04 | Build | Mill |
| 32:05 | Build | Farm |
| 32:05 | Build | Farm |
| 32:05 | Build | Farm |
| 32:05 | Build | Farm |
| 32:05 | Build | Farm |
| 32:05 | Build | Farm |
| 32:06 | Build | Farm |
Match timeline
| 4:54 | Ghost · wall_segment Palisade Wall x4 |
| 4:56 | Ghost · wall_segment Palisade Wall x4 |
| 6:15 | Ghost · wall_segment Palisade Wall x8 |
| 6:25 | Ghost · wall_segment Palisade Wall x6 |
| 6:56 | Scol1ng · first_building Barracks |
| 7:24 | Ghost · wall_segment Palisade Wall x3 |
| 7:50 | Ghost · wall_segment Palisade Wall x11 |
| 8:06 | Ghost · wall_segment Palisade Wall x7 |
| 9:12 | Ghost · wall_segment Palisade Wall x1 |
| 9:21 | Ghost · wall_segment Palisade Wall x4 |
| 9:22 | Ghost · wall_segment Palisade Wall x4 |
| 9:39 | Ghost · wall_segment Palisade Wall x1 |
| 9:45 | Scol1ng · age_up feudal |
| 10:32 | Scol1ng · first_building Archery Range |
| 11:37 | Ghost · wall_segment Palisade Wall x1 |
| 12:40 | Ghost · age_up feudal |
| 14:02 | Ghost · wall_segment Stone Wall x5 |
| 14:26 | Ghost · first_market_sell 100 wood |
| 14:27 | Ghost · first_market_buy 100 food |
| 17:25 | Ghost · wall_segment Palisade Wall x1 |
| 17:33 | Ghost · age_up castle |
| 19:36 | Ghost · first_building Castle |
| 20:45 | Scol1ng · first_market_buy 100 food |
| 20:48 | Scol1ng · first_market_sell 100 wood |
| 23:44 | Ghost · first_building Siege Workshop |
| 23:47 | Scol1ng · age_up castle |
| 24:13 | Ghost · first_building Monastery |
| 25:09 | Scol1ng · first_building Monastery |
| 25:47 | Scol1ng · first_building Stable |
| 28:02 | Scol1ng · first_building Siege Workshop |
| 38:26 | Ghost · age_up imperial |
| 38:40 | Ghost · first_building Barracks |
| 39:15 | Scol1ng · age_up imperial |
| 41:12 | Ghost · first_building Stable |
| 50:38 | Ghost · wall_segment Stone Wall x9 |
| 54:45 | Scol1ng · first_building Castle |
| 71:31 | Ghost · first_building Archery Range |
| 75:12 | Scol1ng · resign |
[ AI ANALYSIS · 1 CREDIT ]
What really happened in this match?
Wolo.gg analyzes every decision: build order, eco, micro, common mistakes by bracket. Personalized analysis on WhatsApp or Discord in 30 seconds.
Civ guide
Burgundians
Perfil
Jugador #6003640